 Dungeon Crawl Stone Soup version 0.22-a0-558-gc224181 (webtiles) character file.

60 vishdafish the Skirmisher (level 3, -2/29 HPs)
             Began as a Demonspawn Berserker on June 26, 2018.
             Was a Follower of Trog.
             Slain by a gnoll
             ... wielding a cursed -2 spear
              (5 damage)
             ... on level 2 of the Dungeon.
             The game lasted 00:02:29 (1240 turns).

vishdafish the Skirmisher (Demonspawn Berserker)    Turns: 1240, Time: 00:02:31

Health: -2/29      AC:  5    Str: 17    XL:     3   Next: 80%
Magic:  3/3        EV: 12    Int:  9    God:    Trog [*.....]
Gold:   75         SH:  0    Dex: 12    Spells: 2/2 levels left

rFire    + . .     SeeInvis .   a - +0 spear
rCold    + . .     Gourm    .   (no shield)
rNeg     . . .     Faith    .   b - +0 animal skin
rPois    +         Spirit   .   (no helmet)
rElec    +         Reflect  .   (no cloak)
rCorr    +         Harm     .   k - +0 pair of gloves
MR       .....     Rnd*Rage +   (no boots)
Stlth    +.........             (no amulet)
HPRegen  0.09/turn              (no ring)
MPRegen  0.08/turn              (no ring)

@: resistant, berserk cooldown, slowed, very slow
A: hooves 1, icy blue scales 1, berserk 1, poison resistance, wild magic 1
a: Berserk, Renounce Religion


You were on level 2 of the Dungeon.
You worshipped Trog.
Trog was aware of your devotion.
You were very hungry.

You visited 1 branch of the dungeon, and saw 2 of its levels.

You collected 75 gold pieces.

Inventory:

Hand Weapons
 a - a +0 spear (weapon)
Armour
 b - a +0 animal skin (worn)
 k - a +0 pair of gloves (worn)
Scrolls
 d - a scroll of magic mapping {unknown}
 e - a scroll of enchant weapon {unknown}
 g - 2 scrolls of identify {unknown}
 h - a scroll of enchant armour {unknown}
 i - a scroll of fog {unknown}
Comestibles
 c - 2 rations


   Skills:
 + Level 3.6 Fighting
 + Level 3.5 Polearms
 + Level 1.9 Armour
 + Level 2.2 Dodging
 + Level 0.3 Stealth


You had 2 spell levels left.
You didn't know any spells.
Your spell library was empty.

Dungeon Overview and Level Annotations

Branches:
Dungeon (2/15)

Altars:


Innate Abilities, Weirdness & Mutations

You are partially covered in icy blue scales. (AC +2)
You have large cloven feet.
You tend to lose your temper in combat.
Your system is resistant to poisons. (rPois)
Your spells are a little harder to cast, but a little more powerful.


Message History

You closely miss the gnoll.
The gnoll is severely wounded.
The gnoll misses you.
You closely miss the gnoll.
The gnoll is severely wounded.
The gnoll hits you but does no damage.
You are too berserk!
You feel a strong urge to attack something.
You feel your anger nearly subside.
You are no longer berserk.
You are exhausted.
You feel yourself slow down.
It was a potion of mutation.
You feel extremely strange.
Your feet thicken and deform.
You feel less in control of your magic.
You feel a little pissed off.
You feel resistant to poisons. The gnoll hits you with a flail.
* * * LOW HITPOINT WARNING * * *
It was a potion of resistance.
You feel protected.
The gnoll hits you from afar with an enchanted spear.
You die...

......##...)......... #.........
......##........########.#####...
...÷..##÷.......###..........#...
.......).........##.####....##...
.................##....#....##...
####.............##....#.....#...
+............................>
#.............##.##...[...#.#.
####..###+###@##.##.#######.#
##.# #....g...##.........# .#
#####g########.....## # #l#
#.##..# #.. #.# ###...#.#
.....####.# #.....#.###
...l..$.(.# #.##.......
.#......†.# #...#.##)..
#..#.....# #.....#...#..


You could see 2 gnolls and a frilled lizard.

Vanquished Creatures
  A gnoll (D:2)
  2 adders (D:2)
  A leopard gecko (D:2)
  A giant cockroach (D:2)
  5 hobgoblins
  3 jackals (D:2)
  6 kobolds (D:1)
  A quokka (D:2)
  A ball python (D:1)
  2 bats
  2 frilled lizards
  4 goblins
  2 rats (D:1)
31 creatures vanquished.

Notes
Turn   | Place    | Note
-------+----------+-------------------------------------------
     0 | D:1      | vishdafish the Demonspawn Berserker began the quest for the Orb.
     0 | D:1      | Reached XP level 1. HP: 18/18 MP: 1/1
   307 | D:1      | Gained mutation: You are partially covered in icy blue scales. (AC +2) [demonic ancestry]
   307 | D:1      | Reached XP level 2. HP: 20/24 MP: 2/2
   831 | D:2      | Reached XP level 3. HP: 29/29 MP: 3/3
  1239 | D:2      | Gained mutation: You have large cloven feet. [potion of mutation]
  1239 | D:2      | Gained mutation: Your spells are a little harder to cast, but a little more powerful. [potion of mutation]
  1239 | D:2      | Gained mutation: You tend to lose your temper in combat. [potion of mutation]
  1239 | D:2      | Gained mutation: Your system is resistant to poisons. (rPois) [potion of mutation]
  1240 | D:2      | Slain by a gnoll

Vault maps used:
D:1:      evilmike_arrival_crescent, serial_bayou_lagoon_a,
          serial_bayou_lagoon_b
D:2:      first_ration, hangedman_decor_points, trog_three_pillars_becter

Skill      XL: |  1  2 |
---------------+-------+-----
Polearms       | 3 |  3.5
Dodging        | 2 |  2.2
Fighting       | |  3.6
Armour         | |  1.9
Stealth        | |  0.3

Action                   || total
-------------------------++-------
Melee: Spear             ||   139
Invok: Berserk           ||     5
  Use: Potion            ||     2
 Stab: Sleeping          ||     1
  Eat: Ration            ||     1
       Chunk             ||     1
Armor: Animal skin       ||    34
Dodge: Dodged            ||   103

Table legend:
 A = Spawn XP
 B = Non-spawn XP
 C = Spawn XP percentage of total XP
 D = Spawn monster count
 E = Non-spawn monster count
 F = Spawn count percentage of total count
 G = Total turns spent on level
                    A         B        C        D         E        F      G
               +---------+---------+-------+---------+---------+-------+---------
         Total |       0 |      86 |   0.0 |       0 |      31 |   0.0 |  1240
               +---------+---------+-------+---------+---------+-------+---------
           D:1 |       0 |      25 |   0.0 |       0 |      17 |   0.0 |   821
           D:2 |       0 |      61 |   0.0 |       0 |      14 |   0.0 |   419
               +---------+---------+-------+---------+---------+-------+---------
